 Dungeon Crawl Stone Soup version 0.29.1-15-g9cfb28693d (webtiles) character file.

Game seed: 4136246602317028474

481 leafyfresh the Covert (level 7, -2/51 HPs)
             Began as an Octopode Delver on Mar 21, 2023.
             Was an Initiate of Ashenzari.
             Slain by an ogre
             ... wielding a +0 giant spiked club
              (6 damage)
             ... on level 3 of the Dungeon.
             The game lasted 00:07:19 (3288 turns).

leafyfresh the Covert (Octopode Delver)             Turns: 3288, Time: 00:07:19

Health: -2/51      AC:  1    Str: 11    XL:     7   Next: 12%
Magic:  7/7        EV: 16    Int: 14    God:    Ashenzari [......]
Gold:   111        SH:  0    Dex: 20    Spells: 6/6 levels left

rFire   . . .      SeeInvis .   n - +2 short sword (flame)
rCold   . . .      Faith    .   (no shield)
rNeg    . . .      Spirit   .   (helmet restricted)
rPois   .          Reflect  .   (no amulet)
rElec   .          Harm     .   i - ring "Prophetic Paranoia" {Dex+6, Self, Alch} (curse)
rCorr   .          Rampage  .   (no ring)
Will    .....                   (no ring)
Stlth   +++++.....              (no ring)
HPRegen 0.17/turn               (no ring)
MPRegen 0.10/turn               (no ring)
                                (no ring)
                                (no ring)

@: no status effects
A: almost no armour, amphibious, 8 rings, camouflage 1, gelatinous body 1,
(nimble swimmer 1), tentacles
a: Renounce Religion, Curse Item, Shatter the Chains


You were on level 3 of the Dungeon.
You worshipped Ashenzari.
Ashenzari was noncommittal.
You visited 2 branches of the dungeon, and saw 4 of its levels.
You also visited: Sewer.

You collected 111 gold pieces.

Inventory:

Hand Weapons
 a - a +0 short sword
 n - a +2 short sword of flaming (weapon)
 t - the +0 mace of Cataclysm {vorpal, rElec rC- Str+4 Dex+3}
   (You found it on level 3 of the Dungeon)

   It inflicts extra damage upon your enemies.
   Str:       It affects your strength (+4).
   Dex:       It affects your dexterity (+3).
   rC:        It makes you vulnerable to cold.
   rElec:     It insulates you from electricity.
Missiles
 j - 3 javelins (quivered)
Armour
 r - a +0 buckler
Jewellery
 i - the cursed ring "Prophetic Paranoia" (left tentacle) {Dex+6, Self, Alch}
   (You found it on level 5 of the Dungeon)

   [ring of dexterity]

   Dex:       It affects your dexterity (+6).
   It has a curse which improves the following skills: Introspection: Fighting
   and Spellcasting.
   Alchemy:   Poison Magic and Transmutations.
Wands
 f - a wand of digging (3)
Scrolls
 b - 2 scrolls of fog
 g - a scroll of identify {unknown}
 h - 4 scrolls of teleportation {unknown}
 l - a scroll of magic mapping
 o - 2 scrolls of torment {unknown}
 p - a scroll of amnesia {unknown}
Potions
 c - a potion of flight {unknown}
 d - a potion of magic {unknown}
 e - 2 potions of haste
 k - 2 potions of heal wounds {unknown}
 m - a potion of resistance {unknown}
 q - a potion of might {unknown}
 s - a potion of degeneration {unknown}


   Skills:
 + Level 5.3(5.8) Fighting
 - Level 2.0 Short Blades
 + Level 4.8 Dodging
 - Level 8.3 Stealth


You had 6 spell levels left.
You didn't know any spells.
Your spell library contained the following spells:

 Spells                   Type           Power      Damage    Failure   Level
 Necrotise                Necr           0%         1d4       28%         1
 Vampiric Draining        Necr           0%         2d6       65%         3
 Agony                    Necr           0%         N/A       100%        5


Dungeon Overview and Level Annotations

Branches:
Dungeon (5/15)             Temple (1/1) D:5           Sewer (visited)

Altars:
Ashenzari
Hepliaklqana
Makhleb
Okawaru


Innate Abilities, Weirdness & Mutations

You cannot wear most types of armour.
You are amphibious.
You can wear up to eight rings at the same time.
Your skin changes colour to match your surroundings (Stealth+).
Your rubbery body absorbs attacks. (AC +1, EV +1)
((You are camouflaged when in or above water. (Stealth+)))
You have tentacles for arms and can constrict up to eight enemies at once.


Message History

You open the door.
There is an open door here.
Found a stone staircase leading down.
No target in view!
s - a ruby potion No target in view!
A hobgoblin comes into view.
Found a stone staircase leading up.
Ashenzari invites you to partake of a vision and a curse of beguiling and companions.
Unknown command.
The hobgoblin shouts!
You hear a shout!
You hit the hobgoblin but do no damage. You grab the hobgoblin.
You tentacle-slap the hobgoblin, but do no damage.
You constrict the hobgoblin. The hobgoblin barely misses you.
You hit the hobgoblin but do no damage.
The hobgoblin is moderately wounded.
You constrict the hobgoblin. The hobgoblin misses you.
You hit the hobgoblin. You burn the hobgoblin.
You kill the hobgoblin!
You see here a hobgoblin corpse.
Unknown command.
You see here a +0 pair of boots.
You see here the +0 mace of Cataclysm {vorpal, rElec rC- Str+4 Dex+3}.
t - the +0 mace of Cataclysm {vorpal, rElec rC- Str+4 Dex+3} Unknown command.
You hit the ogre. You burn the ogre.
The ogre is moderately wounded.
The ogre hits you with a +0 giant spiked club!!
You hit the ogre. You burn the ogre.
The ogre is heavily wounded.
The ogre hits you with a +0 giant spiked club!!
Ouch! That really hurt!
* * * LOW HITPOINT WARNING * * *
You hit the ogre. You burn the ogre.
The ogre is severely wounded.
Unknown command.
You barely miss the ogre.
The ogre is severely wounded.
The ogre hits you with a +0 giant spiked club.
You die...

#......###########..
#.####...........+..
#.# #######...###.. #.#
#...###.. #.# #.......#
#.# #.####### #.# #.###
###'###### #.#..####
#....@...# #.#......
#....O...# #.#......
#........# #.#......
#####..### #.#......
######..######.#<.....
............O.#.##.....
########....#.#.##.....
########....[....#'##
#........#..#.####.##


You could see an ogre.

Vanquished Creatures
  Sigmund (D:3)
  2 scorpions (D:4)
  A hound (D:4)
  A jelly (D:4)
  3 iguanas
  3 adders
  A river rat (D:5)
  2 worms (D:5)
  5 orcs
  2 endoplasms (D:4)
  3 giant cockroaches
  2 goblins (D:4)
  3 hobgoblins
  2 kobolds (D:4)
  3 ball pythons
  4 frilled lizards (Sewer)
  A rat (D:5)
39 creatures vanquished.

Notes
Turn   | Place    | Note
-------+----------+-------------------------------------------
     0 | D:5      | leafyfresh the Octopode Delver began the quest for the Orb.
     0 | D:5      | Reached XP level 1. HP: 16/16 MP: 1/1
    42 | D:5      | Noticed an ice beast
    53 | D:5      | Found a staircase to the Ecumenical Temple.
    59 | Temple   | Entered the Ecumenical Temple
   112 | Temple   | Became a worshipper of Ashenzari the Shackled
   132 | D:5      | Noticed an iguana
   135 | D:5      | Killed an iguana
   136 | D:5      | Reached skill level 7 in Stealth
   136 | D:5      | Reached XP level 2. HP: 21/21 MP: 2/2
   136 | D:5      | Reached XP level 3. HP: 26/26 MP: 3/3
   234 | D:5      | Found a glowing drain.
   238 | Sewer    | Entered a sewer
   556 | Sewer    | Noticed Pargi
  1330 | D:4      | Noticed a scorpion
  1332 | D:4      | Killed a scorpion
  1333 | D:4      | Reached XP level 4. HP: 33/33 MP: 4/4
  1333 | D:4      | Reached XP level 5. HP: 37/37 MP: 5/5
  1425 | D:3      | Noticed an ogre
  1811 | D:4      | Reached skill level 8 in Stealth
  2177 | D:4      | Reached XP level 6. HP: 36/44 MP: 6/6
  2925 | D:3      | Noticed Sigmund
  2930 | D:3      | Killed Sigmund
  2931 | D:3      | Reached skill level 5 in Fighting
  2931 | D:3      | Reached XP level 7. HP: 44/51 MP: 7/7
  3169 | D:3      | Identified the +0 mace of Cataclysm {vorpal, rElec rC-
                  | Str+4 Dex+3}
  3288 | D:3      | Slain by an ogre

Illustrated notes

Levels and vault maps discovered:
D:3:      layout_basic, uniq_sigmund
D:4:      layout_loops_ring, hangedman_feature_mirror, minmay_fountain_box,
          st_stairs_13
D:5:      layout_loops_ring, minmay_temple_entry_hall, gup_sewer_entry_spiral,
          small_statue_intersection
Temple:   roderic_octagonal_lattice_temple

Skill      XL: |  1  2  3  4  5  6 |
---------------+-------------------+-----
Stealth        | 7 8 |  8.3
Fighting       | 4 5 |  5.3
Dodging        | 3 4 |  4.8
Short Blades   | |  2.0

Action                   |  1- 3 |  4- 6 |  7- 9 || total
-------------------------+-------+-------+-------++-------
Melee: Short sword       |    28 |    37 |     8 ||    73
       Constrict         |     7 |     9 |     1 ||    17
       Tentacles         |     3 |    16 |       ||    19
       Punch             |       |       |     1 ||     1
Invok: Curse Item        |       |     1 |       ||     1
  Use: Scroll            |     2 |       |       ||     2
 Stab: Sleeping          |    11 |     6 |     1 ||    18
Armor: Skin              |     4 |     3 |       ||     7
Dodge: Dodged            |    16 |    20 |     2 ||    38
